 Dungeon Crawl Stone Soup version 0.25-a0-1113-g0499d652a8 (webtiles) character file.

Game seed: 1772864745421192435, levelgen mode: deterministic

19404 tilp the Commander (level 13, -15/82 HPs)
             Began as a Kobold Arcane Marksman on May 15, 2020.
             Was a High Priest of Okawaru.
             Demolished by a komodo dragon (34 damage)
             ... on level 3 of the Lair of Beasts on May 16, 2020.
             The game lasted 00:50:00 (23459 turns).

tilp the Commander (Kobold Arcane Marksman)        Turns: 23459, Time: 00:50:01

Health: -15/82     AC: 10    Str: 10    XL:     13   Next: 4%
Magic:  30/30      EV: 22    Int: 20    God:    Okawaru [*****.]
Gold:   473        SH:  0    Dex: 16    Spells: 8/20 levels left

rFire    + . .     SeeInvis +   b - +4 flail
rCold    + . .     Gourm    .   (shield restricted)
rNeg     . . .     Faith    .   R - +2 robe {rC+ rF+}
rPois    +         Spirit   .   h - +2 hat
rElec    .         Reflect  .   C - +0 cloak
rCorr    .         Harm     .   U - +0 pair of gloves {archery}
MR       .....                  s - +1 pair of boots
Stlth    ++++......             (no amulet)
HPRegen  0.23/turn              L - ring "Zuobir" {rPois MP+9 SInv}
MPRegen  0.22/turn              o - ring of Pyhet {+Fly rPois Int+4}

@: no status effects
A: small, carnivore
a: Heroism, Finesse, Renounce Religion, Evoke Flight


You were on level 3 of the Lair of Beasts.
You worshipped Okawaru.
Okawaru was extremely pleased with you.
You were completely stuffed.

You visited 3 branches of the dungeon, and saw 15 of its levels.

You collected 674 gold pieces.
You spent 201 gold pieces at shops.

Inventory:

Hand Weapons
 a - a +0 hand crossbow
 b - a +4 flail (weapon)
 r - the +6 arbalest "Damnation" {damnation}
   (You found it on level 5 of the Dungeon)
 E - a +4 trident
 I - a +2 hand axe of flaming
Missiles
 d - 31 bolts
 f - 52 poisoned darts (quivered)
 z - 12 boomerangs
 H - 5 curare-tipped darts
Armour
 h - a +2 hat (worn)
 k - a +1 pair of gloves
 p - a +0 helmet
 s - a +1 pair of boots (worn)
 C - a +0 cloak (worn)
 J - +0 steam dragon scales
 P - the +4 plate armour of the Beekeeper {+Inv, unknown}
   (Okawaru gifted it to you on level 11 of the Dungeon)

   It lets you turn invisible.
 R - a +2 robe of resistance (worn)
 U - a +0 pair of gloves of archery (worn)
Jewellery
 o - the ring of Pyhet (right hand) {+Fly rPois Int+4}
   (You found it on level 2 of the Lair of Beasts)

   [ring of flight]

   It affects your intelligence (+4).
   It protects you from poison.
   It lets you fly.
 L - the ring "Zuobir" (left hand) {rPois MP+9 SInv}
   (You found it on level 11 of the Dungeon)

   [ring of magical power]

   It protects you from poison.
   It affects your magic capacity (+9).
   It lets you see invisible.
Wands
 g - a wand of digging (5)
 u - a wand of disintegration (4)
 y - a wand of flame (44)
 B - a wand of iceblast (7)
 M - a wand of polymorph (5)
 N - a wand of paralysis (9)
Scrolls
 e - a scroll of holy word {unknown}
 i - 4 scrolls of amnesia
 j - 2 scrolls of immolation
 l - 5 scrolls of teleportation
 n - 5 scrolls of remove curse
 q - a scroll of magic mapping {unknown}
 D - a scroll of blinking {unknown}
 F - 2 scrolls of fog
Potions
 m - 2 potions of resistance
 t - a potion of magic
 v - 2 potions of might
 w - a potion of cancellation
 x - a potion of mutation
 A - 3 potions of haste
 G - 3 potions of lignification
 Q - 2 potions of degeneration {unknown}
 S - a potion of curing
 T - 2 potions of brilliance {unknown}
Miscellaneous
 K - a tin of tremorstones (3/3)
 O - a tin of tremorstones (3/3)
Comestibles
 c - 25 rations


   Skills:
 - Level 10.0 Fighting
 + Level 7.6 Crossbows
 - Level 10.0 Dodging
 - Level 8.0 Stealth
 - Level 4.0 Spellcasting
 - Level 8.0 Hexes
 + Level 10.9 Invocations
 - Level 8.0 Evocations


You had 8 spell levels left.
You knew the following spells:

 Your Spells              Type           Power        Failure   Level  Hunger
a - Corona                Hex            #####..      1%          1    None
b - Slow                  Hex            #####...     1%          2    #......
c - Portal Projectile     Hex/Tloc       ###...       8%          3    ###....
d - Cause Fear            Hex            #####.....   4%          4    ####...
e - Blink                 Tloc           N/A          19%         2    #......

Your spell library contained the following spells:

 Spells                   Type           Power        Failure   Level  Hunger
 Inner Flame              Hex/Fire       ###.....     8%          3    ###....
 Beastly Appendage        Tmut           #.....       13%         1    None
 Magic Dart               Conj           #...         13%         1    None
 Call Imp                 Summ           #.......     19%         2    #......
 Sticks to Snakes         Tmut           #.......     19%         2    #......
 Leda's Liquefaction      Hex/Erth       ###.......   24%         4    ####...
 Conjure Flame            Conj/Fire      #.......     36%         3    ###....
 Mephitic Cloud           Conj/Pois/Air  #.......     36%         3    ###....
 Spider Form              Tmut/Pois      #.........   36%         3    ###....
 Metabolic Englaciation   Hex/Ice        ###.......   56%         5    ######.
 Ice Form                 Ice/Tmut       #.......     77%         4    ####...
 Blade Hands              Tmut           #.........   98%         5    ######.
 Freezing Cloud           Conj/Ice/Air   #.........   100%        6    #######
 Ozocubu's Refrigeration  Ice            #.........   100%        6    #######
 Simulacrum               Ice/Necr       #.........   100%        6    #######


Dungeon Overview and Level Annotations

Branches:
Dungeon (11/15)            Temple (1/1) D:5            Lair (3/6) D:10
  Swamp (0/4) Lair:2          Orc (0/2) D:10
  Snake: Lair:2-4    Spider: Lair:2-4

Altars:
Ashenzari
Cheibriados
Dithmenos
Elyvilon
Fedhas
Gozag
Hepliaklqana
Kikubaaqudgha
Makhleb
Nemelex Xobeh
Okawaru
Ru
Uskayaw
Vehumet
Xom
Yredelemnul
Zin
The Shining One

Shops:
D:7 [   D:9 ?

Annotations:
D:7 Harold
D:10 1 runed translucent door
Lair:2 exclusion: orange crystal statue


Innate Abilities, Weirdness & Mutations

You are small and have problems with some larger weapons.
You are carnivorous and can eat meat at any time.


Message History

The komodo dragon bites you but does no damage.
Firing (i - inventory. (/) - cycle)
d - 33 bolts (quivered)
Press: ? - help, Shift-Dir - straight line, f/p - komodo dragon
Aim: a komodo dragon (almost dead)
You shoot a bolt. The bolt hits the komodo dragon.
The komodo dragon is almost dead.
The komodo dragon bites you!!
* * * LOW HITPOINT WARNING * * *
Firing (i - inventory. (/) - cycle)
d - 32 bolts (quivered)
Press: ? - help, Shift-Dir - straight line, f/p - komodo dragon
Aim: a komodo dragon (almost dead)
You shoot a bolt.
The bolt hits the komodo dragon but does no damage.
The komodo dragon is almost dead.
The komodo dragon misses you.
b - a +4 flail (weapon)
You completely miss the komodo dragon.
The komodo dragon is almost dead.
The komodo dragon bites you!!
You die...

..... (.# .. .... #
...#### . ... .
((...#.#### .# ##..#.
...(....#.####.####..#.#
....(.....##..###.#.....
.....(.......##.........
......l.........#.......
.......@................
...............#........
.(.$..........#......รท..
.............#.#........
.............####..#....
.............# #..#.#..
..............# ##..#..#
.............## #..####
.... ...#


You could see a komodo dragon.

Vanquished Creatures
  Fannar (Lair:1)
  Erolcha (D:10)
  3 hydras
  2 two-headed ogres
  Nergalle (Lair:1)
  An ugly thing (D:11)
  A cyclops (D:11)
  Psyche (D:10)
  2 black mambas
  4 spiny frogs
  Maggie (D:10)
  4 komodo dragons
  A hornet (D:7)
  4 blink frogs
  3 hippogriffs
  A spriggan (D:7)
  A shadow (D:11)
  Eustachio (D:5)
  4 yaks (Lair:2)
  A basilisk (Lair:2)
  4 swamp worms (Lair:2)
  4 wargs
  A water moccasin (Lair:3)
  4 porcupines
  4 orc warriors
  A hornet zombie (D:11)
  4 ice beasts
  5 ogres
  10 centaurs
  2 phantoms
  3 crocodiles (Lair:1)
  4 wolves
  2 big kobolds (D:8)
  10 bullfrogs
  A wyvern zombie (D:10)
  4 scorpions
  4 killer bees (D:10)
  10 wights
  8 howler monkeys
  4 crimson imps
  A bullfrog zombie (D:10)
  2 lava snakes (Lair:2)
  2 hounds
  A jelly (D:6)
  A centaur skeleton (D:8)
  4 orc priests
  A bullfrog skeleton (D:8)
  7 worker ants
  An iguana (D:4)
  13 orc wizards
  A hound zombie (D:7)
  2 hound skeletons
  2 worker ant zombies
  3 adders
  3 gnolls (D:11)
  A howler monkey skeleton (D:4)
  An ooze (D:6)
  2 adder zombies
  A worm (D:3)
  3 dart slugs
  4 leopard geckos
  40 orcs
  6 bats
  5 giant cockroaches
  6 hobgoblins
  8 jackals
  18 kobolds
  A quokka (D:6)
  A ball python (D:3)
  9 frilled lizards
  2 gnoll zombies (D:4)
  4 goblins (D:2)
  A jackal zombie (D:5)
  6 rats
  A fungus (Lair:1)
  A plant (Lair:1)
292 creatures vanquished.

Vanquished Creatures (others)
  5 fungi
  10 plants
15 creatures vanquished.

Grand Total: 307 creatures vanquished

Notes
Turn   | Place    | Note
-------+----------+-------------------------------------------
     0 | D:1      | tilp the Kobold Arcane Marksman began the quest for the
                  | Orb.
     0 | D:1      | Reached XP level 1. HP: 12/12 MP: 2/2
   190 | D:1      | Reached XP level 2. HP: 15/17 MP: 0/3
   198 | D:1      | Learned a level 2 spell: Slow
   839 | D:1      | Reached XP level 3. HP: 23/23 MP: 4/4
   998 | D:2      | Found a hide-covered altar of Uskayaw.
  1726 | D:2      | Found a shattered altar of Ashenzari.
  1727 | D:2      | Found an ancient bone altar of Kikubaaqudgha.
  2085 | D:3      | Found an opulent altar of Gozag.
  2089 | D:3      | Found an iron altar of Okawaru.
  2155 | D:3      | Reached XP level 4. HP: 29/29 MP: 5/5
  3146 | D:4      | Found an opulent altar of Gozag.
  3308 | D:3      | Became a worshipper of Warmaster Okawaru
  3374 | D:4      | Reached XP level 5. HP: 13/33 MP: 4/6
  4040 | D:4      | Reached skill level 5 in Crossbows
  4359 | D:4      | Found a basalt altar of Yredelemnul.
  4414 | D:5      | Entered Level 5 of the Dungeon
  4419 | D:5      | Noticed a phantom
  4479 | D:5      | Found a staircase to the Ecumenical Temple.
  4482 | D:5      | Found the +6 arbalest "Damnation" {damnation}
  4498 | D:5      | Noticed an ogre
  4519 | D:4      | Reached XP level 6. HP: 38/38 MP: 5/7
  4642 | D:5      | Killed an ogre
  4930 | D:5      | Noticed Eustachio
  4983 | Temple   | Entered the Ecumenical Temple
  5329 | D:5      | Killed a phantom
  5329 | D:5      | Reached XP level 7. HP: 43/43 MP: 7/9
  5334 | D:5      | Killed Eustachio
  5778 | D:6      | Reached skill level 5 in Invocations
  5780 | D:6      | Reached * piety under Okawaru
  6106 | D:6      | Found a radiant altar of Vehumet.
  6210 | D:6      | Reached XP level 8. HP: 23/48 MP: 9/12
  7078 | D:6      | Reached ** piety under Okawaru
  7118 | D:6      | Reached skill level 1 in Evocations
  7823 | D:6      | Reached XP level 9. HP: 41/52 MP: 15/15
  7930 | D:6      | Found a sparkling altar of Nemelex Xobeh.
  8361 | D:7      | Reached skill level 5 in Hexes
  9004 | D:7      | Noticed a hornet
  9009 | D:7      | Killed a hornet
  9009 | D:7      | Reached skill level 1 in Stealth
  9183 | D:7      | Reached *** piety under Okawaru
  9352 | D:7      | Upgraded the game from 0.25-a0-1079-g858b6a6ff6 to
                  | 0.25-a0-1113-g0499d652a8
  9456 | D:7      | Found Iruost's Antique Armour Shop.
  9989 | D:7      | Reached skill level 5 in Fighting
 10105 | D:7      | Noticed Harold
 10232 | D:8      | Noticed a two-headed ogre
 10824 | D:8      | Reached skill level 5 in Dodging
 10824 | D:8      | Reached XP level 10. HP: 50/60 MP: 13/16
 10949 | D:8      | Found a shimmering altar of Xom.
 11020 | D:8      | Killed a two-headed ogre
 11020 | D:8      | Reached **** piety under Okawaru
 12727 | D:9      | Learned a level 3 spell: Portal Projectile
 12732 | D:9      | Learned a level 4 spell: Cause Fear
 12735 | D:9      | Learned a level 2 spell: Blink
 13350 | D:9      | Found Buxuwealowo's Magic Scroll Shoppe.
 13473 | D:9      | Bought a scroll of identify for 26 gold pieces
 13473 | D:9      | Bought a scroll of enchant armour for 97 gold pieces
 13473 | D:9      | Bought a scroll of teleportation for 39 gold pieces
 13473 | D:9      | Bought a scroll of identify for 26 gold pieces
 13473 | D:9      | Bought a scroll of noise for 13 gold pieces
 13807 | D:10     | Entered Level 10 of the Dungeon
 13807 | D:10     | Noticed Erolcha
 14579 | D:10     | Found a white marble altar of Elyvilon.
 14579 | D:10     | Noticed an angel
 14580 | D:10     | Found a runed translucent door.
 14781 | D:10     | Noticed Maggie
 14787 | D:10     | Killed Maggie
 14787 | D:10     | Reached ***** piety under Okawaru
 14787 | D:10     | Reached XP level 11. HP: 32/67 MP: 17/17
 15068 | D:10     | Noticed Psyche
 15085 | D:10     | Killed Psyche
 15432 | D:9      | Received a gift from Okawaru
 15739 | D:10     | Found a staircase to the Lair.
 15784 | D:10     | Killed Erolcha
 15863 | D:10     | Found a staircase to the Orcish Mines.
 16245 | D:11     | Noticed a cyclops
 16383 | D:11     | Killed a cyclops
 16531 | D:11     | Got a heavily runed bone ring
 16560 | D:11     | Reached skill level 10 in Dodging
 16705 | D:11     | Noticed a two-headed ogre
 16736 | D:11     | Killed a two-headed ogre
 16736 | D:11     | Received a gift from Okawaru
 16737 | D:11     | Got a fine plate armour {god gift}
 16926 | D:11     | Reached skill level 10 in Fighting
 17511 | D:11     | Noticed a green ugly thing
 17539 | D:11     | Killed a green ugly thing
 17726 | Lair:1   | Entered Level 1 of the Lair of Beasts
 17918 | Lair:1   | Reached skill level 5 in Stealth
 18140 | Lair:1   | Reached skill level 5 in Evocations
 18140 | Lair:1   | Reached XP level 12. HP: 77/77 MP: 13/18
 18229 | Lair:1   | Identified the ring "Zuobir" {rPois MP+9 SInv} (You found
                  | it on level 11 of the Dungeon)
 18310 | Lair:1   | Found a glowing silver altar of Zin.
 18324 | Lair:1   | Noticed Fannar
 18328 | Lair:1   | Killed Fannar
 18525 | Lair:1   | Noticed Nergalle
 19003 | Lair:1   | Killed Nergalle
 19599 | Lair:1   | HP: 3/77 [poisoned by a black mamba]
 19606 | Lair:1   | HP: 2/77 [poisoned by a black mamba]
 19613 | Lair:1   | HP: 2/77 [poisoned by a black mamba]
 19621 | Lair:1   | HP: 1/77 [poisoned by a black mamba]
 20594 | Lair:2   | Got a translucent platinum ring
 20826 | Lair:2   | HP: 2/77 [yak (14)]
 21487 | Lair:2   | Noticed a six-headed hydra
 21495 | Lair:2   | Killed a six-headed hydra
 22078 | Lair:2   | Reached skill level 10 in Invocations
 22165 | Lair:2   | Found a staircase to the Swamp.
 22555 | Lair:2   | Received a gift from Okawaru
 22861 | Lair:3   | Noticed a five-headed hydra
 22869 | Lair:3   | Killed a five-headed hydra
 22962 | Lair:3   | Noticed a seven-headed hydra
 22970 | Lair:3   | Killed a seven-headed hydra
 23018 | Lair:2   | Reached XP level 13. HP: 42/82 MP: 21/21
 23440 | Lair:3   | Identified the ring of Pyhet {+Fly rPois Int+4} (You found
                  | it on level 2 of the Lair of Beasts)
 23459 | Lair:3   | Demolished by a komodo dragon

Illustrated notes

Levels and vault maps discovered:
D:1:      zelgadis_glass_arrival_small, layout_basic
D:2:      layout_basic, eat_drink_and_be_merry_uskayaw, minitemple
D:3:      layout_basic, grunt_temple_overflow_open, serial_glass,
          glass_columns_a, glass_columns_a, glass_columns_b, glass_columns_a,
          first_ration
D:4:      layout_loops_ring, lemuel_zombie_altar_yredelemnul,
          grunt_gozag_breadcrumbs
D:5:      layout_layer_cave, minmay_temple_entry_overgrown, uniq_eustachio
D:6:      layout_loops_ring, vehumet_altar_wand_db, minmay_ruined_shrine
D:7:      layout_rooms, serial_shops, shop, hangedman_decor_slide_cut,
          the_bakery, sigmund_army, uniq_harold
D:8:      layout_loops_cross, old_standard_altar
D:9:      layout_small_grid, serial_shops, shop, minmay_misc_feat_five
D:10:     layout_cave_pools, david_lair_shrubbed, minmay_orc_entry_guard_dogs,
          lemuel_angel_altar, uniq_maggie, uniq_psyche, uniq_erolcha
D:11:     hangedman_cross_stitches, layout_long_grid, uniq_snorg, uniq_sonja
Temple:   eino_narrow_crystal_temple
Lair:1:   layout_cave_pods, basic_altar, uniq_nergalle, uniq_fannar
Lair:2:   layout_cave_pods, minmay_swamp_entry_worms, disabler_island
Lair:3:   layout_cave_pods, dummy_spider_entry, st_stairs_10, minivault_27,
          infiniplex_staircase_pool

Skill      XL: |  1  2  3  4  5  6  7  8  9 10 11 12 |
---------------+-------------------------------------+-----
Fighting       | 2 3 4 5 7 10 | 10.0
Crossbows      | 3 5 6 7 |  7.6
Invocations    | 3 6 8 10 | 10.9
Evocations     | 4 5 8 |  8.0
Spellcasting   | 2 4 |  4.0
Hexes          | 6 8 |  8.0
Stealth        | 4 5 8 |  8.0
Dodging        | 5 7 10 | 10.0

Action                   |  1- 3 |  4- 6 |  7- 9 | 10-12 | 13-15 || total
-------------------------+-------+-------+-------+-------+-------++-------
Melee: Whip              |    24 |       |       |       |       ||    24
       Short sword       |    83 |       |       |       |       ||    83
       Staff             |     6 |    60 |       |       |       ||    66
       Rapier            |       |    76 |     4 |       |       ||    80
       Flail             |       |       |   243 |   508 |     8 ||   759
       Punch             |       |       |       |     1 |       ||     1
 Fire: Hand crossbow     |    18 |    58 |   110 |   379 |    31 ||   596
       Arbalest          |       |     2 |     2 |    43 |       ||    47
Throw: Dart              |       |       |     3 |     2 |       ||     5
 Cast: Corona            |    18 |     9 |    13 |     7 |       ||    47
       Slow              |       |     3 |    12 |    43 |       ||    58
Invok: Heroism           |       |       |     2 |     2 |       ||     4
Evoke: Wand              |       |       |     3 |     1 |       ||     4
  Use: Scroll            |     3 |     5 |     3 |    10 |     1 ||    22
       Potion            |       |     1 |     1 |     4 |       ||     6
 Stab: Sleeping          |       |       |     2 |       |       ||     2
  Eat: Chunk             |    13 |     9 |    20 |    42 |     1 ||    85
Armor: Robe              |    23 |    10 |       |    23 |     4 ||    60
       Leather armour    |       |    59 |    80 |   108 |       ||   247
       Skin              |       |       |       |    30 |       ||    30
       Steam dragon scal |       |       |       |    26 |       ||    26
Dodge: Dodged            |   106 |   172 |   242 |   844 |    27 ||  1391

Table legend:
 A = Non-vault XP
 B = Vault XP
 C = Vault XP percentage of total XP
 D = Non-vault monster count
 E = Vault monster count
 F = Vault count percentage of total count
                 A         B        C        D         E       F
            +---------+---------+-------+---------+---------+-------
      Total |   21323 |    6397 |  23.1 |     254 |      36 |  12.4
            +---------+---------+-------+---------+---------+-------
        D:1 |      32 |       0 |   0.0 |      20 |       0 |   0.0
        D:2 |      28 |       0 |   0.0 |      15 |       0 |   0.0
        D:3 |      30 |       0 |   0.0 |      14 |       0 |   0.0
        D:4 |     224 |       3 |   1.3 |      12 |       2 |  14.3
        D:5 |     253 |     242 |  48.9 |       7 |       2 |  22.2
        D:6 |     817 |     493 |  37.6 |      20 |       8 |  28.6
        D:7 |    1147 |     238 |  17.2 |      22 |       7 |  24.1
        D:8 |    2792 |       0 |   0.0 |      50 |       0 |   0.0
        D:9 |     945 |     332 |  26.0 |      20 |       2 |   9.1
       D:10 |    1536 |    2514 |  62.1 |      22 |       6 |  21.4
       D:11 |    3076 |      48 |   1.5 |      15 |       1 |   6.2
     Lair:1 |    2468 |    1782 |  41.9 |      12 |       2 |  14.3
     Lair:2 |    5113 |     745 |  12.7 |      18 |       6 |  25.0
     Lair:3 |    2862 |       0 |   0.0 |       7 |       0 |   0.0
            +---------+---------+-------+---------+---------+-------
